3072 views
Uploaded 2019-12-01 21:10:51
Game version 1.32.0.3 / 1.32.0.3.1
51:19 long 1on1 ladder game on (2)TerenasStand_LV
Saved by BEARAND
3072 views
Uploaded 2019-12-01 21:10:51
Game version 1.32.0.3 / 1.32.0.3.1
51:19 long 1on1 ladder game on (2)TerenasStand_LV

79 units @ 14.7k
/ 3.5k
20 buildings @ 3.8k
/ 2k


| Orb of Venom | 1 | 325 |
| Scroll of Town Portal | 2 | 700 |
| Potion of Lesser Invulnerability | 1 | 150 |
| Scroll of Protection | 1 | 150 |
| total: | 5 | 1325g |
| Wisp | 24 | 1440 | / | 0 |
| Archer | 3 | 390 | / | 30 |
| Huntress | 3 | 585 | / | 60 |
| Dryad | 5 | 725 | / | 300 |
| Druid of the Claw | 11 | 2805 | / | 880 |
| Chimaera | 15 | 4950 | / | 1050 |
| Glaive Thrower | 17 | 3570 | / | 1105 |
| Forest Troll Berserker | 1 | 245 | / | 30 |
| total: | 79 | 14710g | / | 3455w |
| Altar of Elders | 1 | 180 | / | 50 |
| Moon Well | 7 | 1260 | / | 280 |
| Hunter's Hall | 1 | 210 | / | 100 |
| Ancient of War | 2 | 300 | / | 120 |
| Tree of Life | 3 | 1020 | / | 555 |
| Ancient of Wonders | 1 | 90 | / | 30 |
| Ancient of Lore | 2 | 310 | / | 290 |
| Chimaera Roost | 3 | 420 | / | 570 |
| Tree of Ages | 1 | 320 | / | 180 |
| Tree of Eternity | 2 | 660 | / | 400 |
| total: | 20 | 3790g | / | 1995w |
| 0:02 | Wisp |
| 0:02 | Wisp |
| 0:05 | Altar of Elders |
| 0:14 | Moon Well |
| 0:21 | Wisp |
| 0:38 | Wisp |
| 0:38 | Wisp |
| 1:10 | Wisp |
| 1:22 | Wisp |
| 1:37 | Wisp |
| 1:43 | Hunter's Hall |
| 1:45 | Ancient of War |
| 1:49 | Wisp |
| 2:06 | Evasion |
| 2:10 | Wisp |
| 2:13 | Moon Well |
| 2:26 | Wisp |
| 2:46 | Tree of Ages |
| 3:09 | Archer |
| 3:09 | Archer |
| 3:39 | Archer |
| 3:54 | Huntress |
| 4:04 | Moon Well |
| 4:17 | Huntress |
| 4:20 | Mana Burn |
| 4:57 | Huntress |
| 5:25 | Wisp |
| 5:25 | Wisp |
| 5:45 | Ancient of Lore |
| 5:48 | Ancient of Lore |
| 6:19 | Immolation |
| 6:43 | Tree of Life |
| 6:56 | Forest Troll Berserker |
| 7:15 | Tree of Eternity |
| 7:16 | Druid of the Claw Adept Training |
| 7:17 | Dryad |
| 7:30 | Moon Well |
| 8:03 | Evasion |
| 8:23 | Druid of the Claw |
| 8:36 | Frost Arrows |
| 8:44 | Moon Well |
| 9:09 | Druid of the Claw |
| 9:52 | Wisp |
| 9:52 | Wisp |
| 9:52 | Wisp |
| 9:52 | Wisp |
| 9:52 | Wisp |
| 9:52 | Wisp |
| 10:20 | Chimaera Roost |
| 10:52 | Chimaera Roost |
| 11:06 | Strength of the Wild |
| 11:06 | Reinforced Hides |
| 11:19 | Abolish Magic |
| 11:19 | Druid of the Claw Master Training |
| 11:29 | Forked Lightning |
| 11:56 | Corrosive Breath |
| 12:14 | Chimaera Roost |
| 12:18 | Chimaera |
| 12:21 | Moon Well |
| 12:32 | Ancient of Wonders |
| 12:44 | Chimaera |
| 12:58 | Scroll of Town Portal |
| 12:59 | Potion of Lesser Invulnerability |
| 13:00 | Scroll of Protection |
| 13:09 | Improved Strength of the Wild |
| 13:15 | Moon Well |
| 13:27 | Chimaera |
| 13:54 | Forked Lightning |
| 14:08 | Chimaera |
| 14:09 | Chimaera |
| 14:36 | Chimaera |
| 15:11 | Evasion |
| 15:21 | Tree of Life |
| 15:24 | Chimaera |
| 15:49 | Tree of Life |
| 17:11 | Chimaera |
| 17:14 | Chimaera |
| 18:27 | Chimaera |
| 18:34 | Wisp |
| 18:34 | Wisp |
| 18:34 | Wisp |
| 18:34 | Wisp |
| 18:37 | Wisp |
| 19:45 | Chimaera |
| 19:57 | Druid of the Claw |
| 19:58 | Dryad |
| 20:11 | Orb of Venom |
| 20:32 | Mark of the Claw |
| 20:34 | Druid of the Claw |
| 21:50 | Frost Arrows |
| 21:52 | Chimaera |
| 22:29 | Dryad |
| 23:30 | Druid of the Claw |
| 24:05 | Druid of the Claw |
| 25:20 | Metamorphosis |
| 25:30 | Frost Arrows |
| 25:56 | Druid of the Claw |
| 25:57 | Chimaera |
| 26:49 | Scroll of Town Portal |
| 27:02 | Dryad |
| 28:32 | Druid of the Claw |
| 28:34 | Vorpal Blades |
| 28:34 | Glaive Thrower |
| 28:37 | Glaive Thrower |
| 28:56 | Chimaera |
| 29:25 | Druid of the Claw |
| 29:31 | Improved Reinforced Hides |
| 30:49 | Glaive Thrower |
| 30:59 | Chimaera |
| 31:55 | Glaive Thrower |
| 31:55 | Glaive Thrower |
| 33:14 | Glaive Thrower |
| 33:14 | Glaive Thrower |
| 34:22 | Glaive Thrower |
| 35:21 | Ancient of War |
| 36:02 | Glaive Thrower |
| 36:27 | Glaive Thrower |
| 36:29 | Glaive Thrower |
| 36:29 | Glaive Thrower |
| 36:29 | Glaive Thrower |
| 37:31 | Glaive Thrower |
| 37:48 | Dryad |
| 38:29 | Glaive Thrower |
| 38:44 | Druid of the Claw |
| 38:51 | Druid of the Claw |
| 41:21 | Glaive Thrower |
| 41:22 | Glaive Thrower |
| 42:27 | Tornado |
| 42:33 | Mana Burn |
| Right click | 2474 |
| Select group | 1457 |
| Select | 991 |
| Misc. action | 460 |
| Assign group | 171 |
| Build/train/purchase | 157 |
| Chat | 118 |
| Use ability | 116 |
| Esc | 6 |
| Item give/drop | 4 |
| Remove unit | 1 |
47 units @ 5.5k
/ 0.6k
182 buildings @ 8.5k
/ 5k



x1)
| Scroll of Regeneration | 1 | 100 |
| Potion of Healing | 3 | 450 |
| Staff of Sanctuary | 3 | 750 |
| Orb of Fire | 2 | 650 |
| Boots of Speed | 3 | 750 |
| Staff of Teleportation | 3 | 450 |
| Tome of Retraining | 1 | 300 |
| total: | 16 | 3450g |
| Peasant | 33 | 2475 | / | 0 |
| Priest | 1 | 135 | / | 10 |
| Gryphon Rider | 4 | 1120 | / | 280 |
| Dragonhawk Rider | 9 | 1800 | / | 270 |
| total: | 47 | 5530g | / | 560w |
| Scout Tower | 163 | 4890 | / | 3260 |
| Arcane Tower | 8 | 560 | / | 400 |
| Guard Tower | 92 | 6440 | / | 4600 |
| Altar of Kings | 2 | 360 | / | 100 |
| Farm | 5 | 400 | / | 100 |
| Lumber Mill | 1 | 120 | / | 0 |
| Arcane Vault | 2 | 260 | / | 60 |
| Town Hall | 5 | 1925 | / | 1025 |
| Blacksmith | 1 | 140 | / | 60 |
| Barracks | 1 | 160 | / | 60 |
| Arcane Sanctum | 1 | 150 | / | 140 |
| Gryphon Aviary | 1 | 140 | / | 150 |
| Keep | 1 | 320 | / | 210 |
| Castle | 1 | 360 | / | 210 |
| total: | 182 | 8545g | / | 4955w |
| 0:01 | Peasant |
| 0:02 | Peasant |
| 0:08 | Altar of Kings |
| 0:12 | Altar of Kings |
| 0:18 | Farm |
| 0:24 | Peasant |
| 0:33 | Lumber Mill |
| 0:40 | Scout Tower |
| 0:42 | Farm |
| 0:45 | Peasant |
| 0:59 | Peasant |
| 1:00 | Peasant |
| 1:17 | Peasant |
| 1:22 | Peasant |
| 1:29 | Arcane Vault |
| 1:43 | Arcane Tower |
| 1:43 | Peasant |
| 1:52 | Scout Tower |
| 2:01 | Peasant |
| 2:09 | Summon Water Elemental |
| 2:22 | Guard Tower |
| 2:23 | Scout Tower |
| 2:24 | Scout Tower |
| 2:25 | Scout Tower |
| 2:25 | Peasant |
| 2:25 | Peasant |
| 2:34 | Scout Tower |
| 2:34 | Scout Tower |
| 2:46 | Peasant |
| 3:22 | Keep |
| 3:29 | Guard Tower |
| 3:45 | Guard Tower |
| 3:52 | Scroll of Regeneration |
| 3:55 | Guard Tower |
| 4:02 | Guard Tower |
| 4:19 | Farm |
| 4:33 | Brilliance Aura |
| 4:49 | Improved Masonry |
| 5:48 | Town Hall |
| 5:57 | Scout Tower |
| 5:58 | Scout Tower |
| 5:59 | Scout Tower |
| 6:00 | Scout Tower |
| 6:00 | Scout Tower |
| 6:01 | Scout Tower |
| 6:01 | Scout Tower |
| 6:01 | Scout Tower |
| 6:29 | Arcane Tower |
| 6:36 | Guard Tower |
| 6:37 | Guard Tower |
| 6:40 | Peasant |
| 6:40 | Peasant |
| 6:43 | Peasant |
| 6:45 | Summon Water Elemental |
| 7:03 | Guard Tower |
| 7:07 | Storm Bolt |
| 7:15 | Guard Tower |
| 7:20 | Farm |
| 7:53 | Guard Tower |
| 8:30 | Scout Tower |
| 8:31 | Scout Tower |
| 8:32 | Scout Tower |
| 8:32 | Scout Tower |
| 8:33 | Scout Tower |
| 8:33 | Scout Tower |
| 8:34 | Scout Tower |
| 8:34 | Scout Tower |
| 8:38 | Improved Lumber Harvesting |
| 8:40 | Peasant |
| 8:40 | Peasant |
| 8:43 | Peasant |
| 8:43 | Peasant |
| 8:43 | Peasant |
| 8:52 | Castle |
| 8:56 | Potion of Healing |
| 9:01 | Guard Tower |
| 9:05 | Boots of Speed |
| 9:07 | Staff of Teleportation |
| 9:13 | Boots of Speed |
| 9:25 | Guard Tower |
| 9:28 | Advanced Masonry |
| 9:30 | Scout Tower |
| 10:09 | Potion of Healing |
| 10:14 | Scout Tower |
| 10:14 | Scout Tower |
| 10:16 | Scout Tower |
| 10:19 | Scout Tower |
| 10:20 | Scout Tower |
| 10:20 | Scout Tower |
| 10:21 | Scout Tower |
| 10:21 | Scout Tower |
| 10:40 | Guard Tower |
| 10:46 | Arcane Sanctum |
| 10:51 | Potion of Healing |
| 10:58 | Peasant |
| 10:58 | Peasant |
| 11:15 | Guard Tower |
| 11:17 | Guard Tower |
| 11:17 | Guard Tower |
| 11:20 | Advanced Lumber Harvesting |
| 11:21 | Peasant |
| 11:22 | Peasant |
| 11:38 | Guard Tower |
| 11:39 | Guard Tower |
| 11:40 | Guard Tower |
| 11:45 | Scout Tower |
| 12:06 | Imbued Masonry |
| 12:24 | Magic Sentry |
| 12:25 | Priest |
| 12:29 | Arcane Vault |
| 12:31 | Guard Tower |
| 12:32 | Guard Tower |
| 12:52 | Guard Tower |
| 12:52 | Guard Tower |
| 12:56 | Scout Tower |
| 12:56 | Scout Tower |
| 12:57 | Scout Tower |
| 13:03 | Bash |
| 13:03 | Holy Light |
| 13:12 | Boots of Speed |
| 13:12 | Staff of Teleportation |
| 13:16 | Guard Tower |
| 13:17 | Guard Tower |
| 13:17 | Guard Tower |
| 13:19 | Gryphon Aviary |
| 13:36 | Guard Tower |
| 13:38 | Staff of Sanctuary |
| 13:38 | Orb of Fire |
| 13:43 | Staff of Sanctuary |
| 13:59 | Guard Tower |
| 14:13 | Scout Tower |
| 14:14 | Scout Tower |
| 14:14 | Scout Tower |
| 14:14 | Scout Tower |
| 14:15 | Scout Tower |
| 14:16 | Scout Tower |
| 14:21 | Scout Tower |
| 14:22 | Scout Tower |
| 14:22 | Scout Tower |
| 14:23 | Scout Tower |
| 14:23 | Scout Tower |
| 14:24 | Scout Tower |
| 14:24 | Scout Tower |
| 14:25 | Scout Tower |
| 14:25 | Scout Tower |
| 14:26 | Scout Tower |
| 14:26 | Scout Tower |
| 14:28 | Scout Tower |
| 14:28 | Scout Tower |
| 14:29 | Scout Tower |
| 14:29 | Scout Tower |
| 14:31 | Guard Tower |
| 14:34 | Peasant |
| 14:34 | Peasant |
| 14:47 | Tome of Retraining |
| 14:47 | Retrain Hero |
| 14:49 | Blizzard |
| 14:49 | Brilliance Aura |
| 14:49 | Blizzard |
| 15:14 | Staff of Teleportation |
| 15:15 | Arcane Tower |
| 15:16 | Guard Tower |
| 15:31 | Arcane Tower |
| 15:31 | Arcane Tower |
| 15:48 | Orb of Fire |
| 15:50 | Staff of Sanctuary |
| 16:35 | Peasant |
| 16:36 | Peasant |
| 16:36 | Peasant |
| 16:44 | Scout Tower |
| 16:44 | Scout Tower |
| 16:45 | Scout Tower |
| 16:46 | Scout Tower |
| 16:46 | Scout Tower |
| 16:47 | Scout Tower |
| 16:47 | Scout Tower |
| 16:48 | Scout Tower |
| 16:49 | Scout Tower |
| 16:50 | Scout Tower |
| 16:50 | Scout Tower |
| 16:50 | Scout Tower |
| 16:51 | Scout Tower |
| 16:51 | Scout Tower |
| 17:00 | Arcane Tower |
| 17:00 | Guard Tower |
| 17:01 | Guard Tower |
| 17:02 | Guard Tower |
| 17:06 | Scout Tower |
| 17:07 | Scout Tower |
| 17:07 | Scout Tower |
| 17:09 | Scout Tower |
| 17:09 | Scout Tower |
| 17:09 | Scout Tower |
| 17:17 | Scout Tower |
| 17:17 | Scout Tower |
| 17:19 | Scout Tower |
| 17:19 | Scout Tower |
| 17:19 | Scout Tower |
| 17:20 | Scout Tower |
| 17:20 | Scout Tower |
| 17:21 | Scout Tower |
| 17:22 | Scout Tower |
| 17:22 | Scout Tower |
| 17:22 | Scout Tower |
| 17:23 | Scout Tower |
| 17:23 | Scout Tower |
| 17:24 | Scout Tower |
| 17:24 | Scout Tower |
| 17:25 | Scout Tower |
| 17:25 | Scout Tower |
| 17:26 | Scout Tower |
| 17:34 | Guard Tower |
| 17:36 | Guard Tower |
| 18:12 | Guard Tower |
| 18:13 | Guard Tower |
| 18:13 | Guard Tower |
| 18:24 | Guard Tower |
| 18:25 | Guard Tower |
| 18:28 | Guard Tower |
| 18:32 | Blacksmith |
| 18:34 | Barracks |
| 18:38 | Guard Tower |
| 18:40 | Guard Tower |
| 18:44 | Guard Tower |
| 19:19 | Gryphon Rider |
| 19:20 | Dragonhawk Rider |
| 19:20 | Dragonhawk Rider |
| 19:20 | Dragonhawk Rider |
| 19:21 | Dragonhawk Rider |
| 19:48 | Peasant |
| 19:48 | Peasant |
| 19:48 | Peasant |
| 19:56 | Iron Forged Swords |
| 20:01 | Guard Tower |
| 20:04 | Scout Tower |
| 20:05 | Scout Tower |
| 20:05 | Scout Tower |
| 20:05 | Scout Tower |
| 20:06 | Scout Tower |
| 20:06 | Scout Tower |
| 20:07 | Scout Tower |
| 20:07 | Scout Tower |
| 20:13 | Scout Tower |
| 20:13 | Scout Tower |
| 20:20 | Studded Leather Armor |
| 20:23 | Farm |
| 20:27 | Scout Tower |
| 20:27 | Scout Tower |
| 20:28 | Scout Tower |
| 20:29 | Scout Tower |
| 20:29 | Scout Tower |
| 20:29 | Scout Tower |
| 20:30 | Scout Tower |
| 20:31 | Scout Tower |
| 20:31 | Scout Tower |
| 20:31 | Scout Tower |
| 20:40 | Arcane Tower |
| 20:40 | Guard Tower |
| 20:41 | Guard Tower |
| 20:43 | Guard Tower |
| 20:45 | Scout Tower |
| 20:46 | Scout Tower |
| 20:46 | Scout Tower |
| 20:47 | Scout Tower |
| 20:47 | Scout Tower |
| 20:48 | Scout Tower |
| 21:11 | Guard Tower |
| 21:13 | Scout Tower |
| 21:18 | Guard Tower |
| 21:21 | Guard Tower |
| 21:21 | Guard Tower |
| 21:22 | Guard Tower |
| 21:22 | Guard Tower |
| 21:23 | Guard Tower |
| 21:25 | Guard Tower |
| 21:44 | Brilliance Aura |
| 21:46 | Guard Tower |
| 21:48 | Scout Tower |
| 21:49 | Scout Tower |
| 21:54 | Brilliance Aura |
| 22:01 | Animal War Training |
| 22:03 | Guard Tower |
| 22:15 | Guard Tower |
| 23:30 | Dragonhawk Rider |
| 24:10 | Scout Tower |
| 24:11 | Scout Tower |
| 24:11 | Scout Tower |
| 24:12 | Scout Tower |
| 24:13 | Scout Tower |
| 24:13 | Scout Tower |
| 24:14 | Scout Tower |
| 24:14 | Scout Tower |
| 24:15 | Scout Tower |
| 24:16 | Scout Tower |
| 24:17 | Scout Tower |
| 24:17 | Scout Tower |
| 24:25 | Guard Tower |
| 25:11 | Guard Tower |
| 25:11 | Guard Tower |
| 25:15 | Guard Tower |
| 25:16 | Guard Tower |
| 25:52 | Storm Bolt |
| 26:14 | Guard Tower |
| 26:30 | Scout Tower |
| 26:32 | Scout Tower |
| 26:32 | Scout Tower |
| 26:34 | Dragonhawk Rider |
| 26:34 | Dragonhawk Rider |
| 26:35 | Dragonhawk Rider |
| 26:36 | Steel Forged Swords |
| 26:43 | Scout Tower |
| 26:44 | Scout Tower |
| 26:46 | Scout Tower |
| 26:48 | Scout Tower |
| 26:53 | Scout Tower |
| 26:54 | Scout Tower |
| 27:13 | Guard Tower |
| 27:16 | Guard Tower |
| 27:24 | Guard Tower |
| 27:24 | Guard Tower |
| 27:31 | Guard Tower |
| 27:46 | Guard Tower |
| 28:30 | Scout Tower |
| 28:31 | Scout Tower |
| 28:32 | Scout Tower |
| 29:01 | Guard Tower |
| 29:02 | Guard Tower |
| 29:03 | Scout Tower |
| 29:05 | Scout Tower |
| 29:26 | Guard Tower |
| 29:29 | Guard Tower |
| 29:30 | Scout Tower |
| 29:32 | Guard Tower |
| 29:55 | Scout Tower |
| 29:56 | Scout Tower |
| 29:57 | Guard Tower |
| 29:58 | Scout Tower |
| 30:04 | Dragonhawk Rider |
| 30:22 | Guard Tower |
| 30:24 | Guard Tower |
| 30:41 | Guard Tower |
| 31:45 | Town Hall |
| 33:07 | Town Hall |
| 34:07 | Town Hall |
| 34:40 | Bash |
| 36:25 | Town Hall |
| 38:50 | Scout Tower |
| 38:51 | Scout Tower |
| 38:53 | Scout Tower |
| 38:53 | Scout Tower |
| 38:54 | Scout Tower |
| 38:54 | Scout Tower |
| 39:40 | Scout Tower |
| 39:40 | Scout Tower |
| 39:41 | Scout Tower |
| 40:00 | Storm Hammers |
| 40:01 | Gryphon Rider |
| 40:01 | Gryphon Rider |
| 42:29 | Divine Shield |
| 43:14 | Gryphon Rider |
| 48:52 | Holy Light |
| 50:57 | Brilliance Aura |
| Right click | 4156 |
| Select | 1395 |
| Select group | 704 |
| Build/train/purchase | 380 |
| Chat | 287 |
| Use ability | 194 |
| Assign group | 56 |
| Item give/drop | 9 |
| Remove unit | 8 |
| Misc. action | 7 |